 Dungeon Crawl Stone Soup version 0.27-a0-1579-g97d2440184 (webtiles) character file.

Game seed: 3622003482179896571

49 dolemite99 the Chopper (level 3, -2/31 HPs)
             Began as a Minotaur Fighter on July 17, 2021.
             Slain by Robin (3 damage)
             ... on level 2 of the Dungeon.
             The game lasted 00:01:12 (1415 turns).

dolemite99 the Chopper (Minotaur Fighter)           Turns: 1415, Time: 00:01:12

Health: -2/31      AC:  6    Str: 21    XL:     3   Next: 51%
Magic:  2/2        EV:  7    Int:  5    God:
Gold:   52         SH:  9    Dex:  9    Spells: 2/2 levels left

rFire    . . .     SeeInvis .   a - +2 spear (venom)
rCold    . . .     Faith    .   c - +0 kite shield
rNeg     . . .     Spirit   .   b - +0 scale mail
rPois    .         Reflect  .   (helmet restricted)
rElec    .         Harm     .   (no cloak)
rCorr    .         Rampage  .   (no gloves)
Will     .....                  (no boots)
Stlth    ..........             (no amulet)
HPRegen  0.10/turn              (no ring)
MPRegen  0.08/turn              (no ring)

@: no status effects
A: horns 2, retaliatory headbutt
a: no special abilities


You were on level 2 of the Dungeon.
You visited 1 branch of the dungeon, and saw 2 of its levels.

You collected 52 gold pieces.

Inventory:

Hand Weapons
 a - a +2 spear of venom (weapon)
 e - a +0 war axe
Missiles
 h - 16 sling bullets
Armour
 b - a +0 scale mail (worn)
 c - a +0 kite shield (worn)
Jewellery
 k - a ring of poison resistance
 l - a ring of wizardry
Scrolls
 f - a scroll of teleportation {unknown}
 g - 4 scrolls of identify {unknown}
 i - a scroll of fear {unknown}
 j - 2 scrolls of vulnerability {unknown}
 n - a scroll of enchant weapon {unknown}
Potions
 d - a potion of might


   Skills:
 - Level 3.6 Fighting
 - Level 4.1(4.4) Axes
 + Level 2.1(3.4) Polearms
 - Level 3.6 Armour
 - Level 3.6 Shields


You had 2 spell levels left.
You didn't know any spells.
Your spell library was empty.

Dungeon Overview and Level Annotations

Branches:
Dungeon (2/15)

Altars:

Annotations:
D:2 Robin


Innate Abilities, Weirdness & Mutations

You have a pair of horns on your head.
You reflexively headbutt those who attack you in melee.


Message History

* * * LOW HITPOINT WARNING * * *
You barely miss Robin. Your headbutt misses Robin.
The goblin hits you with a +0 club.
* * * LOW HITPOINT WARNING * * *
Robin hits you with a +0 short sword.
* * * LOW HITPOINT WARNING * * *
You feel much better. You block the goblin's attack.
Robin hits you but does no damage.
You barely miss Robin. The goblin closely misses you. Robin barely misses you.
You barely miss Robin. The goblin hits you with a +0 club.
Robin hits you with a +0 short sword. You block the goblin's attack.
Your shield and scale mail prevent you from hitting the goblin.
Robin hits you with a +0 short sword! The goblin hits you with a +0 club.
You barely miss Robin. Robin hits you with a +0 short sword.
The goblin hits you but does no damage. Robin hits you but does no damage.
You hit Robin.
Robin is poisoned.
Your headbutt misses Robin.
Robin is lightly wounded.
The goblin hits you with a +0 club.
* * * LOW HITPOINT WARNING * * *
Robin hits you with a +0 short sword.
* * * LOW HITPOINT WARNING * * *
You hit Robin but do no damage.
Robin is lightly wounded.
The goblin no longer looks unusually strong.
The goblin hits you with a +0 club.
* * * LOW HITPOINT WARNING * * *
Robin roars a battlecry!
The goblin goes into a battle-frenzy!
You barely miss Robin.
Robin is lightly wounded.
The goblin hits you with a +0 club.
* * * LOW HITPOINT WARNING * * *
Robin hits you but does no damage. You block the goblin's attack.
You puncture the goblin!
You kill the goblin!
You block Robin's attack.
You closely miss Robin. Your headbutt misses Robin.
Robin is moderately wounded.
Robin hits you with a +0 short sword.
You die... .#.####### #.#.# g .........# ##.#.# ###. .........# #..[.## .... ##.###...# #.....#######. #gg

##.# ##### #.............
#J#
##.##########.##.########
#g# ##............##.#
#)# ################)#
#.# # #@# #.# ##########
#g# ##.# .........# #.#
#########))## ########.#
#.####..g..g...... # #.#
#...gJ.#######.###
##.############## #.# #
#..........# #.#..
#..#######.#
##########.#.# #..# #.#
#............#


You could see Robin (very poisoned).

Vanquished Creatures
  A gnoll (D:1)
  3 ball pythons (D:1)
  2 endoplasms
  10 goblins
  6 hobgoblins
  2 quokkas (D:1)
  2 bats (D:1)
  5 frilled lizards (D:1)
  A kobold (D:1)
  6 rats
38 creatures vanquished.

Vanquished Creatures (others)
  A plant (D:1)
1 creature vanquished.

Grand Total: 39 creatures vanquished

Notes
Turn   | Place    | Note
-------+----------+-------------------------------------------
     0 | D:1      | dolemite99 the Minotaur Fighter began the quest for the
                  | Orb.
     0 | D:1      | Reached XP level 1. HP: 19/19 MP: 0/0
    96 | D:1      | Reached skill level 3 in Axes
   185 | D:1      | Reached XP level 2. HP: 26/26 MP: 1/1
   401 | D:1      | Reached skill level 4 in Axes
   902 | D:1      | Reached XP level 3. HP: 31/31 MP: 2/2
   930 | D:1      | Reached skill level 1 in Polearms
  1030 | D:1      | Found a faded altar of an unknown god.
  1354 | D:2      | Noticed Robin
  1413 | D:2      | HP: 1/31 [goblin[Robin] (3)]
  1415 | D:2      | Slain by Robin

Illustrated notes

Levels and vault maps discovered:
D:1:      saegor_arrival_under_anarchy, layout_basic,
          ebering_ecumenical_altar_abandoned, minivault_26,
          minmay_parallelograms, minmay_quantized
D:2:      layout_loops_ring, uniq_robin

Skill      XL: |  1  2  3 |
---------------+----------+-----
Axes           | 3 4 |  4.1
Polearms       | 2 |  2.1
Fighting       | |  3.6
Armour         | |  3.6
Shields        | |  3.6

Action                   || total
-------------------------++-------
Melee: War axe           ||    36
       Headbutt          ||     9
       Spear             ||    49
Throw: Boomerang         ||     5
  Use: Potion            ||     2
Armor: Scale mail        ||    39
Dodge: Dodged            ||    29
Block: Kite shield       ||    39

Table legend: (Time is in decaauts)
 A = Elapsed time spent in this place.
 B = Non-inter-level travel time spent in this place.
 C = Inter-level travel time spent in this place.
 D = Time resting spent in this place.
 E = Time spent auto-exploring this place.
 F = Levels seen in this place.
 G = Mean time per level.
                   A        B        C        D        E       F      G
               +--------+--------+--------+--------+--------+-----+--------+
         Total |   1447 |   1431 |     16 |    431 |    750 |   2 |  723.5 |
       Dungeon |   1447 |   1431 |     16 |    431 |    750 |   2 |  723.5 |
               +--------+--------+--------+--------+--------+-----+--------+

Top non-repeatable levels by time:
     D:1: 1257 daAuts
     D:2: 190 daAuts
